 Dungeon Crawl Stone Soup version 0.22-a0-456-g11ed031 (webtiles) character file.

8363 KristoblXynda the Destroyer (level 11, -3/86 HPs)
             Began as a White Draconian Conjurer on June 7, 2018.
             Was a Believer of Vehumet.
             Slain by a minotaur (25 damage)
             ... in a labyrinth.
             The game lasted 00:37:47 (13618 turns).

KristoblXynda the Destroyer (DrCj)                 Turns: 13618, Time: 00:37:47

Health: -3/86      AC: 13    Str: 11    XL:     11   Next: 8%
Magic:  3/24       EV: 13    Int: 21    God:    Vehumet [**....]
Gold:   483        SH:  0    Dex: 11    Spells: 21/29 levels left

rFire    . . .     SeeInvis .   y - +1 dagger of Heishaw {pierce, Int+2}
rCold    + . .     Gourm    .   (no shield)
rNeg     . . .     Faith    .   (armour unavailable)
rPois    .         Spirit   .   E - +2 hat
rElec    .         Reflect  .   h - +1 cloak
rCorr    .         Harm     .   l - +1 pair of gloves
MR       .....                  (no boots)
Stlth    +++.......             w - amulet of the acrobat
HPRegen  0.24/turn              c - ring of stealth
MPRegen  0.19/turn              (no ring)

@: no status effects
A: breathe frost, unfitting armour, cold resistance 1, cold-blooded, AC +7
a: Breathe Frost, Renounce Religion


You were in a labyrinth.
You worshipped Vehumet.
Vehumet was pleased with you.
You were not hungry.

You visited 2 branches of the dungeon, and saw 12 of its levels.
You also visited: Labyrinth.

You collected 551 gold pieces.
You spent 68 gold pieces at shops.

Inventory:

Hand Weapons
 y - the +1 dagger of Heishaw (weapon) {pierce, Int+2}
   (You found it on level 5 of the Dungeon)

   It inflicts extra damage upon your enemies.
   It affects your intelligence (+2).
Missiles
 A - a throwing net (quivered)
Armour
 h - a +1 cloak (worn)
 l - a +1 pair of gloves (worn)
 E - a +2 hat (worn)
 H - a +0 buckler
Magical Staves
 s - an uncursed staff of power
Jewellery
 c - a ring of stealth (left hand)
 w - an amulet of the acrobat (around neck)
Wands
 u - a wand of paralysis (7)
 I - a wand of digging (16)
Scrolls
 a - 2 scrolls of enchant armour
 e - 2 scrolls of enchant weapon
 g - a scroll of amnesia
 p - 4 scrolls of immolation
 v - a scroll of fear
 x - a scroll of teleportation
 F - a scroll of remove curse
 G - 2 scrolls of magic mapping
Potions
 d - 2 potions of haste
 f - a potion of flight {unknown}
 i - 3 potions of magic
 k - 2 potions of might {unknown}
 m - 2 potions of mutation
 n - a potion of agility
 o - a potion of ambrosia
 r - 3 potions of curing
 t - 2 potions of degeneration {unknown}
 z - a potion of cancellation {unknown}
 B - a potion of resistance {unknown}
 D - 2 potions of brilliance
Comestibles
 b - 16 rations


   Skills:
 - Level 5.0 Fighting
 + Level 4.4 Dodging
 - Level 1.7 Stealth
 + Level 9.9 Spellcasting
 + Level 11.2 Conjurations
 - Level 5.0 Hexes


You had 21 spell levels left.
You knew the following spells:

 Your Spells              Type           Power        Failure   Level  Hunger
a - Magic Dart            Conj           ####         1%          1    None
b - Dazzling Spray        Conj/Hex       #####.       1%          3    None
c - Iskenderun's Mystic   Conj           ######..     1%          4    ##.....

Your spell library contained the following spells:

 Spells                   Type           Power        Failure   Level  Hunger
 Bolt of Magma            Conj/Fire/Erth ####......   36%         5    ####...
 Venom Bolt               Conj/Pois      ####......   19%         5    ####...
 Iron Shot                Conj/Erth      ####......   69%         6    ######.
 Orb of Destruction       Conj           ######....   50%         7    #######
 Iskenderun's Battlesphe  Conj/Chrm      ####....     19%         5    ####...
 Fulminant Prism          Conj/Hex       #####.....   2%          4    ##.....
 Force Lance              Conj/Tloc      ####....     6%          4    ##.....
 Searing Ray              Conj           ######       1%          2    None
 Spellforged Servitor     Conj/Summ      ####......   99%         7    #######


Dungeon Overview and Level Annotations

Branches:
Dungeon (11/15)            Temple (1/1) D:7            Lair (0/6) D:8
    Orc (0/2) D:10

Altars:
Ashenzari
Cheibriados
Dithmenos
Elyvilon
Fedhas
Gozag
Hepliaklqana
Kikubaaqudgha
Makhleb
Nemelex Xobeh
Okawaru
Qazlal
Ru
Sif Muna
Trog
Uskayaw
Vehumet
Wu Jian
Xom
Yredelemnul
Zin
The Shining One
Beogh

Shops:
D:4 *   D:9 *   D:11 *


Innate Abilities, Weirdness & Mutations

You can breathe waves of freezing cold.
You can buffet flying creatures when you breathe cold.
Your icy white scales are hard. (AC +7)
You cannot fit into any form of body armour.
Your flesh is cold resistant. (rC+)
You are cold-blooded and may be slowed by cold attacks.


Message History

Evoke which item? (* to show all) (? for menu, Esc to quit)
Aiming: Scattershot
Press: ? - help, Shift-Dir - straight line, f/p - minotaur
Aim: a minotaur, wearing a plate armour (severely wounded, blind)
The burst of metal fragments hits the minotaur. x4
The minotaur is severely wounded.
You feel sick.
The minotaur is no longer blind.
The minotaur hits you but does no damage.
The minotaur gores you!
* * * LOW HITPOINT WARNING * * *
Evoke which item? (* to show all) (? for menu, Esc to quit)
Aiming: Scattershot
Press: ? - help, Shift-Dir - straight line, f/p - minotaur
Aim: a minotaur, wearing a plate armour (severely wounded)
The burst of metal fragments hits the minotaur. x4
The minotaur is severely wounded.
The now-empty wand crumbles to dust.
You feel sick. The minotaur closely misses you. x2
You feel better. The minotaur hits you!!
You die...

# #.
##### #.#
..
#.<.....#
#.#.###
#..H@.#
#####.###
#.....#
###.#.#
#.#.# #
##
#####.#
.#...# .
. .#.
##.## ##
#. . ..
#. ...


You could see a minotaur.

Vanquished Creatures
  Fannar (D:10)
  A two-headed ogre (D:10)
  Joseph (D:8)
  A komodo dragon (D:10)
  A troll (D:11)
  4 hippogriffs
  A spriggan (D:8)
  Sigmund (D:3)
  4 yaks (D:9)
  Menkaure (D:5)
  Duvessa (D:6)
  The ghost of pk666 the Magician, an amateur DEFE (D:3)
  A porcupine (D:8)
  4 sky beasts
  An ice beast (D:7)
  4 orc warriors
  A necrophage (D:7)
  A phantom (D:10)
  5 ogres
  5 centaurs
  A crocodile (D:10)
  A big kobold (D:11)
  A bullfrog (D:8)
  Dowan (D:6)
  5 scorpions
  9 killer bees
  A centaur zombie (D:10)
  3 crimson imps
  A bullfrog zombie (D:7)
  4 hounds
  4 jellies
  2 bullfrog skeletons
  6 orc priests
  2 iguanas
  5 orc wizards
  Crazy Yiuf (D:3)
  4 centaur skeletons
  Natasha (thrice) (D:2)
  3 worker ants
  2 hell rats (D:8)
  2 worker ant zombies
  A gnoll (D:1)
  2 howler monkey skeletons
  8 adders
  A river rat (D:8)
  A shadow imp (D:8)
  An ooze (D:1)
  3 adder skeletons
  2 adder zombies
  2 worms
  2 dart slugs
  10 leopard geckos
  25 orcs
  A ball python (D:1)
  5 bats (D:3)
  5 giant cockroaches
  9 goblins
  8 hobgoblins
  14 jackals
  14 kobolds
  4 quokkas (D:8)
  2 frilled lizards (D:1)
  A leopard gecko zombie (D:5)
  A quokka skeleton (D:9)
  7 rats
230 creatures vanquished.

Vanquished Creatures (others)
  6 fungi (D:11)
6 creatures vanquished.

Grand Total: 236 creatures vanquished

Notes
Turn   | Place    | Note
-------+----------+-------------------------------------------
     0 | D:1      | KristoblXynda the Draconian Conjurer began the quest for the Orb.
     0 | D:1      | Reached XP level 1. HP: 14/14 MP: 3/3
   265 | D:1      | Reached XP level 2. HP: 20/20 MP: 3/5
   594 | D:1      | Reached XP level 3. HP: 26/26 MP: 4/7
   693 | D:1      | Learned a level 3 spell: Dazzling Spray
  1073 | D:2      | Noticed Natasha
  1079 | D:2      | Killed Natasha
  1245 | D:2      | Reached XP level 4. HP: 33/33 MP: 1/8
  1304 | D:2      | Noticed Natasha
  1310 | D:2      | Killed Natasha
  1310 | D:2      | Reached skill level 5 in Conjurations
  1767 | D:2      | Noticed Natasha
  1772 | D:2      | Killed Natasha
  1809 | D:2      | Reached XP level 5. HP: 34/38 MP: 7/10
  2032 | D:3      | Found a sparkling altar of Nemelex Xobeh.
  2104 | D:3      | Noticed Sigmund
  2340 | D:3      | Learned a level 4 spell: Iskenderun's Mystic Blast
  2349 | D:3      | Noticed pk666's ghost (amateur DEFE)
  2507 | D:3      | Found a runed door.
  2949 | D:3      | Killed Sigmund
  2949 | D:3      | Reached skill level 6 in Conjurations
  2949 | D:3      | Reached XP level 6. HP: 6/45 MP: 10/12
  3269 | D:3      | Killed pk666's ghost
  3583 | D:3      | Noticed Crazy Yiuf
  3584 | D:3      | Killed Crazy Yiuf
  3584 | D:3      | Reached skill level 5 in Spellcasting
  4005 | D:4      | Found Izus's General Store.
  4032 | D:4      | Your scales start taking on an icy white colour.
  4032 | D:4      | Reached XP level 7. HP: 41/50 MP: 5/14
  4032 | D:4      | Gained mutation: Your flesh is cold resistant. (rC+) [White Draconian growth]
  4263 | D:4      | Reached skill level 7 in Conjurations
  4845 | D:5      | Entered Level 5 of the Dungeon
  4845 | D:5      | Noticed Menkaure
  5205 | D:5      | Got a dazzling dagger
  5206 | D:5      | Identified the cursed +1 dagger of Heishaw {pierce, Int+2} (You found it on level 5 of the Dungeon)
  5261 | D:5      | Reached skill level 1 in Fighting
  5317 | D:5      | Reached XP level 8. HP: 21/61 MP: 8/17
  5547 | D:5      | Killed Menkaure
  5940 | D:6      | Noticed Duvessa
  5971 | D:6      | Found a snail-covered altar of Cheibriados.
  6120 | D:6      | Noticed Dowan
  6132 | D:6      | Killed Duvessa
  6132 | D:6      | Reached skill level 8 in Conjurations
  6136 | D:6      | Killed Dowan
  7179 | D:7      | Reached XP level 9. HP: 73/73 MP: 14/19
  7204 | D:7      | Reached skill level 5 in Fighting
  7363 | D:7      | Reached skill level 1 in Hexes
  7586 | D:7      | Reached skill level 9 in Conjurations
  7673 | D:7      | Found a staircase to the Ecumenical Temple.
  7740 | Temple   | Entered the Ecumenical Temple
  7755 | Temple   | Became a worshipper of Vehumet
  8236 | D:8      | Noticed Joseph
  8266 | D:8      | Noticed a death yak
  8381 | D:8      | Noticed a death yak
  8386 | D:8      | Noticed a death yak
  8680 | D:8      | Killed Joseph
  9460 | D:9      | Reached XP level 10. HP: 80/81 MP: 0/22
  9620 | D:8      | Reached skill level 10 in Conjurations
  9725 | D:8      | Found a staircase to the Lair.
 10079 | D:9      | Reached * piety under Vehumet
 10079 | D:9      | Offered knowledge of Shock by Vehumet.
 10099 | D:9      | Reached skill level 5 in Hexes
 10591 | D:9      | Found Basch's Assorted Antiques.
 10599 | D:9      | Bought a scroll of identify for 68 gold pieces
 10618 | D:10     | Entered Level 10 of the Dungeon
 10618 | D:10     | Found a staircase to the Orcish Mines.
 10619 | D:10     | Noticed a two-headed ogre
 11082 | D:10     | Killed a two-headed ogre
 11489 | D:10     | Noticed Fannar
 11764 | D:10     | Found a roughly hewn altar of Beogh.
 12251 | D:10     | Reached skill level 11 in Conjurations
 12293 | D:10     | Killed Fannar
 12293 | D:10     | Reached XP level 11. HP: 51/86 MP: 5/24
 12430 | D:10     | Offered knowledge of Sting by Vehumet.
 12681 | D:11     | Found Egycuarch's Assorted Antiques.
 12719 | D:11     | Reached ** piety under Vehumet
 12801 | D:11     | Found a labyrinth entrance.
 12808 | Lab      | Entered a labyrinth
 13598 | Lab      | Noticed a minotaur
 13618 | Lab      | Slain by a minotaur

Vault maps used:
D:1:      mrwooster_arrival_statue_3
D:2:      uniq_natasha
D:3:      nemelex_xobeh_ov_fountains_minmay, uniq_sigmund,
          uniq_crazy_yiuf_cottage
D:4:      serial_shops, shop
D:5:      first_ration, uniq_menkaure
D:6:      cheibriados_altar_1, uniq_duvessa
D:7:      lemuel_temple_firewalk_b
D:8:      dpeg_lair_monsters, the_bakery, uniq_joseph
D:9:      serial_shops, shop, minmay_holes
D:10:     minmay_orc_entry_temple_small, hive_lemuel, uniq_fannar
D:11:     old_forge, lab_entry_generic, serial_shops, shop
Temple:   nicolae_temple_the_god_donut
Lab:      lab_statue

Skill      XL: |  1  2  3  4  5  6  7  8  9 10 |
---------------+-------------------------------+-----
Spellcasting   | 3 4 5 6 7 8 9 |  9.9
Conjurations   | 5 6 7 8 9 11 | 11.2
Fighting       | 1 4 5 |  5.0
Hexes          | 4 5 |  5.0
Dodging        | 4 |  4.4
Stealth        | |  1.7

Action                   |  1- 3 |  4- 6 |  7- 9 | 10-12 || total
-------------------------+-------+-------+-------+-------++-------
Melee: Dagger            |    23 |     5 |   186 |   193 ||   407
       Tailslap          |     1 |     4 |    19 |    17 ||    41
       Short sword       |       |    47 |    18 |       ||    65
 Cast: Magic Dart        |    55 |   114 |   251 |   130 ||   550
       Iskenderun's Myst |       |     3 |    25 |    61 ||    89
       Dazzling Spray    |       |       |     7 |     2 ||     9
 Abil: Breathe Frost     |       |       |     4 |     4 ||     8
Evoke: Wand              |       |     4 |       |    18 ||    22
  Use: Scroll            |     4 |     5 |    10 |     7 ||    26
       Potion            |       |     1 |       |     5 ||     6
 Stab: Invisible         |       |       |     3 |       ||     3
       Sleeping          |       |       |     3 |       ||     3
       Distracted        |       |       |     1 |       ||     1
       Paralysed         |       |       |       |    21 ||    21
  Eat: Chunk             |       |     7 |     9 |    10 ||    26
       Ration            |       |     1 |     3 |     3 ||     7
Armor: Skin              |     5 |    28 |   104 |   137 ||   274
Dodge: Dodged            |    18 |    41 |   195 |   202 ||   456

Table legend:
 A = Spawn XP
 B = Non-spawn XP
 C = Spawn XP percentage of total XP
 D = Spawn monster count
 E = Non-spawn monster count
 F = Spawn count percentage of total count
 G = Total turns spent on level
                    A         B        C        D         E        F      G
               +---------+---------+-------+---------+---------+-------+---------
         Total |       0 |   11948 |   0.0 |       0 |     230 |   0.0 | 13618
               +---------+---------+-------+---------+---------+-------+---------
           D:1 |       0 |      57 |   0.0 |       0 |      22 |   0.0 |  1073
           D:2 |       0 |     140 |   0.0 |       0 |      13 |   0.0 |  1283
           D:3 |       0 |     484 |   0.0 |       0 |      34 |   0.0 |  1269
           D:4 |       0 |     360 |   0.0 |       0 |       9 |   0.0 |  1298
           D:5 |       0 |     735 |   0.0 |       0 |      17 |   0.0 |  1007
           D:6 |       0 |     433 |   0.0 |       0 |      15 |   0.0 |   884
           D:7 |       0 |    1211 |   0.0 |       0 |      26 |   0.0 |   958
           D:8 |       0 |    1633 |   0.0 |       0 |      23 |   0.0 |  1334
           D:9 |       0 |    2472 |   0.0 |       0 |      29 |   0.0 |  1427
          D:10 |       0 |    3756 |   0.0 |       0 |      34 |   0.0 |  1901
          D:11 |       0 |     667 |   0.0 |       0 |       8 |   0.0 |   141
               +---------+---------+-------+---------+---------+-------+---------
